 Dungeon Crawl Stone Soup version 0.28.0-47-ge53b351184 (webtiles) character file.

Game seed: 3252954370786460514

3541 greasedhog the Basher (level 10, -4/63 HPs)
             Began as a Formicid Fighter on May 10, 2022.
             Was a Believer of Qazlal.
             Slain by an orc warlord
             ... wielding a +0 broad axe
              (21 damage)
             ... in a bailey.
             The game lasted 00:16:43 (8632 turns).

greasedhog the Basher (Formicid Fighter)            Turns: 8632, Time: 00:16:44

Health: -4/63      AC: 19    Str: 22    XL:     10   Next: 29%
Magic:  11/11      EV:  7    Int:  9    God:    Qazlal [**....]
Gold:   271        SH:  0    Dex: 16    Spells: 9/9 levels left

rFire   + + .      SeeInvis +   a - +3 dire flail (protect)
rCold   . . .      Faith    .   x - +1 tower shield {AC+3}
rNeg    . . .      Spirit   .   q - +1 ring mail "Vonueqaej" {Dex+4 Slay+2}
rPois   .          Reflect  .   (helmet unavailable)
rElec   .          Harm     .   k - +0 cloak
rCorr   .          Rampage  .   (no gloves)
Will    +....                   f - +0 pair of boots
Stlth   ..........              (no amulet)
HPRegen 0.20/turn               b - ring of protection from fire
MPRegen 0.12/turn               (no ring)

@: confused, ambrosia-drunk, under a protective aura, studying Fighting
A: permanent stasis, dig shafts and tunnels, antennae 3, four strong arms, fire
resistance 1, frail 1, high MP 1
a: Dig, Renounce Religion, Upheaval


You were in a bailey.
You worshipped Qazlal.
Qazlal was pleased with you.
You visited 2 branches of the dungeon, and saw 8 of its levels.
You also visited: Bailey.

You collected 271 gold pieces.

Inventory:

Hand Weapons
 a - a +3 dire flail of protection (weapon)
Missiles
 j - a throwing net
Armour
 f - a +0 pair of boots (worn)
 k - a +0 cloak (worn)
 q - the +1 ring mail "Vonueqaej" (worn) {Dex+4 Slay+2}
   (You found it on level 5 of the Dungeon)

   Dex:       It affects your dexterity (+4).
   Slay:      It affects your accuracy & damage with ranged weapons and melee
   (+2).
 x - a +1 tower shield of protection (worn)
Jewellery
 b - a ring of protection from fire (left hand)
Wands
 s - a wand of flame (13)
Scrolls
 d - a scroll of blinking {unknown}
 h - a scroll of fog
 n - a scroll of noise {unknown}
 p - a scroll of amnesia {unknown}
 t - a scroll of magic mapping {unknown}
 u - 2 scrolls of immolation {unknown}
 w - a scroll of torment {unknown}
 y - 2 scrolls of teleportation {unknown}
Potions
 c - a potion of invisibility {unknown}
 e - 2 potions of heal wounds
 g - 2 potions of attraction
 i - 4 potions of mutation
 l - a potion of ambrosia
 m - 4 potions of curing
 o - a potion of flight {unknown}
 r - a potion of brilliance {unknown}
 v - a potion of lignification {unknown}
 z - a potion of magic {unknown}


   Skills:
 - Level 3.2 Fighting
 * Level 13.6 Maces & Flails
 - Level 3.2 Armour
 * Level 5.8 Shields


You had 9 spell levels left.
You didn't know any spells.
Your spell library contained the following spells:

 Spells                   Type           Power      Damage    Failure   Level
 Magic Dart               Conj           0%         1d3       98%         1
 Call Imp                 Summ           0%         N/A       99%         2
 Ensorcelled Hibernation  Hex/Ice        0%         N/A       99%         2
 Passwall                 Tmut/Erth      0%         N/A       99%         2
 Mephitic Cloud           Conj/Pois/Air  0%         N/A       100%        3
 Swiftness                Air            Unusable   N/A       N/A         3

Dungeon Overview and Level Annotations

Branches:
Dungeon (7/15)             Temple (1/1) D:4          Bailey (1/1)

Altars:
Ashenzari
Cheibriados
Dithmenos
Elyvilon
Fedhas
Gozag
Hepliaklqana
Kikubaaqudgha
Makhleb
Nemelex Xobeh
Qazlal
Ru
Sif Muna
Trog
Uskayaw
Vehumet
Wu Jian
Xom
Yredelemnul
The Shining One


Innate Abilities, Weirdness & Mutations

You cannot be hasted, slowed, berserked, paralysed or teleported.
You can dig through walls and to a lower floor.
You have a pair of large antennae on your head. (SInv)
Your four strong arms can wield two-handed weapons with a shield.
Your flesh is heat resistant. (rF+)
You are frail. (-10% HP)
You have an increased reservoir of magic. (+10% MP)


Message History

Moving in this stuff is going to be slow.
Okay, then.
Aiming: Upheaval
Press: ? - help, Dir - move target, f - orc warlord
Aim: an orc warlord, wielding a +0 broad axe and wearing a +0 plate armour You fail to use your ability.
You puncture the orc warlord!
Your weapon exudes an aura of protection.
The orc warlord is lightly wounded.
The orc warlord hits you with a +0 broad axe!!
It was a potion of mutation.
You feel extremely strange.
You feel frail.
You feel more energetic.
You feel resistant to heat.
The orc warlord hits you with a +0 broad axe!!
The hobgoblin hits you with a +0 hand axe.
It was a potion of ambrosia.
You are confused.
You feel invigorated.
The orc warlord hits you with a +0 broad axe!
* * * LOW HITPOINT WARNING * * *
The hobgoblin barely misses you.
You bump into the granite statue.
The orc warlord hits you but does no damage.
The hobgoblin hits you but does no damage.
You feel much better.
The orc warlord hits you with a +0 broad axe!
The hobgoblin hits you with a +0 hand axe.
The orc warlord hits you with a +0 broad axe!
The orc warlord hits you with a +0 broad axe!!
* * * LOW HITPOINT WARNING * * *
You feel much better.
The orc warlord hits you with a +0 broad axe!!
* * * LOW HITPOINT WARNING * * *
The orc warlord hits you with a +0 broad axe.
* * * LOW HITPOINT WARNING * * *
You thump the hobgoblin!
Your weapon exudes an aura of protection.
You kill the hobgoblin!
Qazlal accepts your kill.
The orc warlord hits you with a +0 broad axe!!
You die...

##.........#≈≈≈≈≈#...8..8..##
#.........)#≈≈≈≈≈#..........#
≈#..8..8....).....'..........#
≈#........#########......8...#
≈##......##≈≈≈#≈≈≈####......##
..##.....#≈).....≈#≈≈#.....##
...##....#≈?........≈#....##
....#....##8.8...8.8≈##...#
....).....#....☼@...≈≈)...#
∩...'.....#....∩o...≈≈'...#
....(.....#.........≈≈'...#
....#(...##8.8...8.8≈##...#
...##....#≈?........≈#....##
..##.....#≈).....≈#≈≈#.....##
≈##......##≈≈≈#≈≈≈####......##
≈#......)(#########......8...#
≈#..8..8.((.).....'(.........#


You could see an orc warlord.

Vanquished Creatures
  Eustachio (D:4)
  Grum (D:7)
  Edmund (D:5)
  Menkaure (D:4)
  A water moccasin (D:7)
  6 orc warriors
  An ice beast (D:5)
  A necrophage (D:5)
  2 ogres (D:5)
  A wolf (D:7)
  2 phantoms
  A bullfrog (D:6)
  A wyvern zombie (D:5)
  3 wights
  A centaur zombie (D:6)
  2 howler monkeys (D:4)
  A bullfrog skeleton (D:5)
  2 bullfrog zombies
  16 hounds
  3 orc priests (D:6)
  A jelly (D:6)
  Crazy Yiuf (D:2)
  2 centaur skeletons
  A gnoll shaman (D:7)
  Jessica (D:3)
  Terence (D:2)
  5 orc wizards
  Natasha (thrice) (D:2)
  A killer bee zombie (D:6)
  A hound zombie (D:5)
  10 gnolls
  8 adders
  2 shadow imps
  A white imp (D:6)
  An ufetubus (D:5)
  4 worms
  3 dart slugs
  14 orcs
  6 ball pythons
  3 bats (D:1)
  8 endoplasms
  2 giant cockroaches
  9 goblins
  17 hobgoblins
  6 jackals
  18 kobolds
  6 quokkas
  3 frilled lizards
  A quokka skeleton (D:4)
  9 rats
196 creatures vanquished.

Vanquished Creatures (others)
  An orc wizard (D:7)
  A fungus (D:3)
  A plant (D:3)
  A withered plant (D:3)
4 creatures vanquished.

Grand Total: 200 creatures vanquished

Notes
Turn   | Place    | Note
-------+----------+-------------------------------------------
     0 | D:1      | greasedhog the Formicid Fighter began the quest for the
                  | Orb.
     0 | D:1      | Reached XP level 1. HP: 18/18 MP: 1/1
   151 | D:1      | Reached XP level 2. HP: 24/24 MP: 2/2
   413 | D:1      | Reached skill level 3 in Maces & Flails
   553 | D:1      | Reached XP level 3. HP: 24/29 MP: 3/3
  1128 | D:2      | Noticed Natasha
  1353 | D:2      | Reached skill level 4 in Maces & Flails
  1353 | D:2      | Reached XP level 4. HP: 28/35 MP: 4/4
  1906 | D:2      | Noticed Terence
  1925 | D:2      | Reached XP level 5. HP: 38/41 MP: 5/5
  1934 | D:2      | Killed Terence
  1935 | D:2      | Reached skill level 5 in Maces & Flails
  2555 | D:2      | Found a runed translucent door.
  2556 | D:2      | Noticed Crazy Yiuf
  2564 | D:2      | Killed Crazy Yiuf
  2565 | D:2      | Reached XP level 6. HP: 18/47 MP: 6/6
  2896 | D:2      | Killed Natasha
  3074 | D:2      | Noticed Natasha
  3086 | D:2      | Killed Natasha
  3087 | D:2      | Reached skill level 6 in Maces & Flails
  3300 | D:2      | Noticed Natasha
  3309 | D:2      | Killed Natasha
  3640 | D:3      | Noticed Jessica
  3645 | D:3      | Killed Jessica
  3669 | D:3      | Found a faded altar of an unknown god.
  4238 | D:4      | Reached XP level 7. HP: 44/52 MP: 7/7
  4241 | D:4      | Reached skill level 7 in Maces & Flails
  4518 | D:4      | Found a staircase to the Ecumenical Temple.
  4614 | Temple   | Entered the Ecumenical Temple
  4852 | Temple   | Became a worshipper of Qazlal Stormbringer
  4885 | D:4      | Noticed Eustachio
  4905 | D:4      | Killed Eustachio
  5210 | D:4      | Reached skill level 8 in Maces & Flails
  5229 | D:4      | Identified a scroll of acquirement
  5230 | D:4      | Acquired a manual of Fighting
  5234 | D:4      | Noticed Menkaure
  5257 | D:4      | Killed Menkaure
  5258 | D:4      | Reached XP level 8. HP: 53/58 MP: 8/8
  5470 | D:5      | Entered Level 5 of the Dungeon
  5485 | D:5      | Reached skill level 9 in Maces & Flails
  5965 | D:5      | Noticed Edmund
  5991 | D:5      | Killed Edmund
  6166 | D:5      | Identified the +1 ring mail "Vonueqaej" {Dex+4 Slay+2}
  6177 | D:5      | Reached skill level 10 in Maces & Flails
  6447 | D:5      | Reached XP level 9. HP: 64/64 MP: 9/9
  6528 | D:5      | Reached skill level 11 in Maces & Flails
  6529 | D:5      | Reached * piety under Qazlal
  7064 | D:6      | Reached skill level 12 in Maces & Flails
  7667 | D:6      | Found a shimmering blue altar of Sif Muna.
  7667 | D:6      | Found a sacrificial altar of Ru.
  7673 | D:6      | Found a broken altar of Ashenzari.
  7675 | D:6      | Found a sparkling altar of Nemelex Xobeh.
  7677 | D:6      | Found a shadowy altar of Dithmenos.
  7847 | D:7      | Acquired a +1 tower shield of protection
  8042 | D:7      | Reached XP level 10. HP: 70/70 MP: 10/10
  8055 | D:7      | Reached skill level 13 in Maces & Flails
  8056 | D:7      | Noticed Grum
  8069 | D:7      | Killed Grum
  8193 | D:7      | Reached skill level 5 in Shields
  8238 | D:7      | Reached ** piety under Qazlal
  8310 | D:7      | Found a flagged portal.
  8327 | Bailey   | Entered a bailey
  8351 | Bailey   | Noticed an orc warlord
  8574 | Bailey   | Found a runed translucent gate.
  8575 | Bailey   | Found a runed translucent gate.
  8577 | Bailey   | Found a runed translucent gate.
  8623 | Bailey   | Gained mutation: You are frail. (-10% HP) [potion of
                  | mutation]
  8623 | Bailey   | Gained mutation: You have an increased reservoir of magic.
                  | (+10% MP) [potion of mutation]
  8623 | Bailey   | Gained mutation: Your flesh is heat resistant. (rF+)
                  | [potion of mutation]
  8632 | Bailey   | Slain by an orc warlord

Illustrated notes

Levels and vault maps discovered:
D:1:      dpeg_arrival_oval, layout_basic
D:2:      layout_rooms, minmay_liquid_box, minivault_25, uniq_terence,
          uniq_natasha, uniq_crazy_yiuf_cottage
D:3:      layout_basic, shapermc_ecumenical_altar_gd, st_stairs_8, uniq_jessica
D:4:      layout_rooms, minmay_temple_entry_sparse_star, uniq_eustachio,
          uniq_menkaure
D:5:      layout_basic, cheibrodos_sewer_entry_drain, uniq_edmund
D:6:      layout_gridville, chequers_temple_overflow_minitemple
D:7:      layout_cave_pods, enter_bailey_2, serial_gnoll_camp,
          gnoll_camp_mini_loothouse, gnoll_camp_mini_hut, grums_kennel,
          gnoll_camp_mini_basic, gnoll_camp_mini_house
Temple:   regret_index_temple_generic_petals
Bailey:   bailey_axe_bossmonster_kennysheep, bailey

Skill      XL: |  1  2  3  4  5  6  7  8  9 10 |
---------------+-------------------------------+-----
Maces & Flails | 3 4 5 6 8 10 12 13 | 13.6
Shields        | 4 5 |  5.8
Fighting       | |  3.2
Armour         | |  3.2

Action                   |  1- 3 |  4- 6 |  7- 9 | 10-12 || total
-------------------------+-------+-------+-------+-------++-------
Melee: Flail             |    96 |   113 |    17 |       ||   226
       Quarterstaff      |       |    67 |    80 |       ||   147
       Dire flail        |       |       |   180 |    95 ||   275
  Use: Scroll            |     1 |     2 |     6 |       ||     9
       Potion            |       |       |     3 |     4 ||     7
 Stab: Confused          |       |       |     2 |       ||     2
Armor: Scale mail        |    38 |    82 |    57 |       ||   177
       Ring mail         |       |       |    66 |    24 ||    90
Dodge: Dodged            |    43 |   104 |    91 |    16 ||   254
Block: Buckler           |    27 |    36 |    53 |       ||   116
       Tower shield      |       |       |    13 |    75 ||    88
